 Dungeon Crawl Stone Soup version 0.28-a0-69-g49dcd67cf8 (webtiles) character file.

Game seed: 11104434542308211761

18 MovingMist the Skirmisher (level 2, -5/24 HPs)
             Began as a Demonspawn Monk on July 31, 2021.
             Slain by a gnoll (6 damage)
             ... on level 1 of the Dungeon.
             The game lasted 00:01:18 (554 turns).

MovingMist the Skirmisher (Demonspawn Monk)          Turns: 554, Time: 00:01:18

Health: -5/24      AC:  2    Str: 11    XL:     2   Next: 48%
Magic:  2/2        EV: 17    Int: 11    God:
Gold:   34         SH:  0    Dex: 15    Spells: 1/1 levels left

rFire   . . .      SeeInvis .     - Unarmed
rCold   . . .      Faith    .   (no shield)
rNeg    . . .      Spirit   .   a - +0 robe
rPois   .          Reflect  .   (helmet restricted)
rElec   .          Harm     .   (no cloak)
rCorr   .          Rampage  .   (no gloves)
Will    .....                   (no boots)
Stlth   ++........              (no amulet)
HPRegen 0.08/turn               c - +4 ring of evasion
MPRegen 0.08/turn               (no ring)

@: no status effects
A: antennae 1
a: no special abilities


You were on level 1 of the Dungeon.
You visited 1 branch of the dungeon, and saw 1 of its levels.

You collected 34 gold pieces.

Inventory:

Armour
 a - a +0 robe (worn)
Jewellery
 c - a +4 ring of evasion (left hand)
Scrolls
 d - a scroll of identify {unknown}
 f - a scroll of amnesia {unknown}
Potions
 b - a potion of magic {unknown}
 e - a potion of berserk rage {unknown}


   Skills:
 + Level 3.2 Fighting
 * Level 3.1 Dodging
 - Level 1.7 Stealth
 + Level 2.9 Unarmed Combat


You had one spell level left.
You didn't know any spells.
Your spell library was empty.

Dungeon Overview and Level Annotations

Branches:
Dungeon (1/15)

Altars:


Innate Abilities, Weirdness & Mutations

You have a pair of small antennae on your head.


Message History

The gnoll shouts!
The goblin closely misses you.
You hit the dart slug.
The dart slug is lightly wounded.
The goblin misses you.
The gnoll hits you from afar with a +0 spear.
The dart slug closely misses you.
You hit the dart slug.
The dart slug is heavily wounded.
The goblin closely misses you.
The gnoll hits you from afar with a +0 spear.
* * * LOW HITPOINT WARNING * * *
The dart slug launches a dart at you.
The slug dart hits you but does no damage.
You hit the dart slug.
The dart slug is severely wounded.
The goblin hits you with a +0 dagger.
* * * LOW HITPOINT WARNING * * *
The gnoll misses you.
Unknown command.
You completely miss the dart slug.
The dart slug is severely wounded.
The goblin hits you with a +0 dagger.
* * * LOW HITPOINT WARNING * * *
The gnoll closely misses you. The dart slug closely misses you.
The dart slug completely misses you. The goblin barely misses you.
The goblin hits you with a +0 dagger.
* * * LOW HITPOINT WARNING * * *
You hit the goblin but do no damage. The goblin barely misses you.
You hit the goblin.
You kill the goblin!
You closely miss the goblin. The goblin hits you with a +0 club.
* * * LOW HITPOINT WARNING * * *
The gnoll misses you.
You hit the goblin.
You kill the goblin!
The gnoll completely misses you. The gnoll hits you with a +0 spear.
You die...

. #.##.##########.. #.
#)#...##......... ##.#####
#......#.#######.
.......####.........._.....
#...g...#........#######
#.#.###.##...##.## #
#..w.##w###.## ..# #
#..#.##g# ### .# #
#....##@# # #.##.##.# ####
### .........# #.∩####.#
##........# #.......∩
#..##.#.... #........
...##...... #÷##.....
#.).#....... #.##...÷.
#.... ....## ###...÷...∩
.#.##..# #...∩∩÷...#


You could see a gnoll and a dart slug.

Vanquished Creatures
  2 endoplasms (D:1)
  5 goblins (D:1)
  2 hobgoblins (D:1)
  2 kobolds (D:1)
  A quokka (D:1)
  A ball python (D:1)
  A bat (D:1)
  A frilled lizard (D:1)
  A rat (D:1)
16 creatures vanquished.

Notes
Turn   | Place    | Note
-------+----------+-------------------------------------------
     0 | D:1      | MovingMist the Demonspawn Monk began the quest for the Orb.
     0 | D:1      | Reached XP level 1. HP: 18/18 MP: 1/1
   234 | D:1      | Found a faded altar of an unknown god.
   270 | D:1      | Gained mutation: You have a pair of small antennae on your
                  | head. [demonic ancestry]
   270 | D:1      | Reached XP level 2. HP: 21/24 MP: 2/2
   546 | D:1      | HP: 1/24 [goblin (1)]
   552 | D:1      | HP: 1/24 [goblin (1)]
   554 | D:1      | Slain by a gnoll

Illustrated notes

Levels and vault maps discovered:
D:1:      amcnicky_arrival_abandoned_market, layout_loops_cross,
          basic_ecumenical_altar, chequers_serial_rivers_large_a,
          minmay_pentomino_t4

Skill      XL: |  1 |
---------------+----+-----
Dodging        | 3 |  3.1
Fighting       | |  3.2
Stealth        | |  1.7
Unarmed Combat | |  2.9

Action                   || total
-------------------------++-------
Melee: Unarmed           ||    57
 Stab: Sleeping          ||     4
Armor: Robe              ||     4
Dodge: Dodged            ||    44

Table legend: (Time is in decaauts)
 A = Elapsed time spent in this place.
 B = Non-inter-level travel time spent in this place.
 C = Inter-level travel time spent in this place.
 D = Time resting spent in this place.
 E = Time spent auto-exploring this place.
 F = Levels seen in this place.
 G = Mean time per level.
                   A        B        C        D        E       F      G
               +--------+--------+--------+--------+--------+-----+--------+
         Total |    553 |    553 |      0 |      0 |    381 |   1 |  553.0 |
       Dungeon |    553 |    553 |      0 |      0 |    381 |   1 |  553.0 |
               +--------+--------+--------+--------+--------+-----+--------+

Top non-repeatable levels by time:
     D:1: 553 daAuts
